 Dungeon Crawl Stone Soup version 0.23.2-33-g5129a83184 (webtiles) character file.

Game seed: 17055833071110986066

2036 teukkam the Covered (level 9, -3/79 HPs)
             Began as a Minotaur Fighter on July 3, 2019.
             Was an Initiate of Gozag.
             Slain by a killer bee (5 damage)
             ... on level 7 of the Dungeon.
             The game lasted 00:14:56 (5010 turns).

teukkam the Covered (Minotaur Fighter)              Turns: 5010, Time: 00:14:56

Health: -3/79      AC: 10    Str: 23    XL:     9   Next: 4%
Magic:  0/8        EV:  8    Int:  5    God:    Gozag
Gold:   818        SH: 11    Dex: 11    Spells: 8/8 levels left

rFire    . . .     SeeInvis .   a - +0 war axe
rCold    . . .     Gourm    .   o - +0 shield
rNeg     . . .     Faith    .   w - +0 scale mail
rPois    .         Spirit   +   (helmet restricted)
rElec    .         Reflect  .   n - +1 cloak {MR+}
rCorr    .         Harm     .   (no gloves)
MR       +....                  (no boots)
Stlth    ..........             m - amulet of guardian spirit
HPRegen  0.23/turn              (no ring)
MPRegen  0.11/turn              (no ring)

@: lethally poisoned (-3 -> -4), about to teleport, gold aura
A: retaliatory headbutt, horns 2
a: Potion Petition, Call Merchant, Bribe Branch, Renounce Religion


You were on level 7 of the Dungeon.
You worshipped Gozag.
Gozag was pleased with you.
You were not hungry.

You visited 1 branch of the dungeon, and saw 7 of its levels.

You collected 921 gold pieces.
You paid 103 gold pieces to Gozag.

Inventory:

Hand Weapons
 a - a +0 war axe (weapon)
 b - a +0 hunting sling
 c - a +0 whip of freezing
 j - a +2 vampiric dagger
 l - a +3 quarterstaff of chaos
Missiles
 e - 102 stones (quivered)
 u - 18 sling bullets
Armour
 n - a +1 cloak of magic resistance (worn)
 o - a +0 shield (worn)
 w - a +0 scale mail (worn)
Jewellery
 m - an amulet of guardian spirit (around neck)
Scrolls
 d - a scroll of amnesia
 h - 3 scrolls of teleportation
 i - a scroll of magic mapping {unknown}
 k - 6 scrolls of identify
 p - a scroll of random uselessness {unknown}
 q - a scroll of blinking {unknown}
 r - 3 scrolls of remove curse {unknown}
 s - 3 scrolls of immolation {unknown}
Comestibles
 f - 9 rations


   Skills:
 + Level 7.6 Fighting
 + Level 7.0 Axes
 + Level 4.1 Slings
 + Level 7.6 Armour
 + Level 7.5 Shields


You had 8 spell levels left.
You didn't know any spells.
Your spell library was empty.

Dungeon Overview and Level Annotations

Branches:
Dungeon (7/15)             Temple (0/1) D:6

Altars:
Ashenzari
Cheibriados
Gozag
Trog


Innate Abilities, Weirdness & Mutations

You reflexively headbutt those who attack you in melee.
You have a pair of horns on your head.


Message History

As you read the scroll labeled WEDEUG LUNOTE, it crumbles to dust.
It is a scroll of enchant armour.
Your +0 cloak of magic resistance glows green for a moment.
You block the killer bee's attack. The killer bee stings you.
* * * LOW HITPOINT WARNING * * *
As you read the scroll labeled WIFOF BICUDWOSS, it crumbles to dust.
You feel strangely unstable.
It was a scroll of teleportation.
You feel sick.
The killer bee stings you but does no damage.
You block the ogre's attack. You block the killer bee's attack.
You aren't carrying any potions.
You hit the ogre.
The ogre is heavily wounded.
You slash the killer bee!
You kill the killer bee!
You block the killer bee's attack.
The ogre hits you with a +0 giant spiked club!
* * * LOW HITPOINT WARNING * * *
The killer bee stings you.
You die...
Your body crumbles into a pile of gold.

$ .#
#######...##
#Syy@O......
#.#####...##
#.# ...
####S### #
#y.....#
#y##.###
#.##.#
#.#...
#y#....


You could see an ogre, 2 killer bees and an adder.

Vanquished Creatures
  Pikel (D:4)
  Sigmund (D:6)
  A phantom (D:6)
  2 ogres
  A centaur (D:4)
  A gnoll sergeant (D:6)
  2 scorpions
  2 killer bees
  A bullfrog skeleton (D:3)
  2 orc priests
  2 hounds (D:6)
  3 orc wizards
  Crazy Yiuf (D:4)
  A centaur skeleton (D:3)
  An iguana (D:4)
  Natasha (thrice) (D:2)
  6 worker ants
  10 adders
  9 gnolls (D:6)
  A shadow imp (D:6)
  2 oozes (D:4)
  2 adder skeletons
  A worm (D:3)
  2 dart slugs
  2 leopard geckos
  4 orcs
  3 ball pythons
  3 giant cockroaches
  19 goblins
  7 hobgoblins
  14 jackals
  8 bats
  A frilled lizard (D:2)
  6 kobolds
  4 rats
129 creatures vanquished.

Vanquished Creatures (others)
  A slave (D:5)
  A gnoll (D:6)
  A leopard gecko (D:5)
3 creatures vanquished.

Grand Total: 132 creatures vanquished

Notes
Turn   | Place    | Note
-------+----------+-------------------------------------------
     0 | D:1      | teukkam the Minotaur Fighter began the quest for the Orb.
     0 | D:1      | Reached XP level 1. HP: 19/19 MP: 0/0
   157 | D:2      | Found an opulent altar of Gozag.
   174 | D:2      | Reached XP level 2. HP: 27/27 MP: 1/1
   241 | D:2      | Noticed a scorpion
   253 | D:2      | Killed a scorpion
   253 | D:2      | Reached XP level 3. HP: 15/33 MP: 2/2
   542 | D:2      | Noticed Natasha
   551 | D:2      | Killed Natasha
   551 | D:2      | Reached XP level 4. HP: 12/41 MP: 3/3
  1041 | D:2      | Became a worshipper of Gozag Ym Sagoz the Greedy
  1216 | D:2      | Noticed Natasha
  1222 | D:2      | Killed Natasha
  1222 | D:2      | Reached XP level 5. HP: 42/47 MP: 4/4
  1753 | D:2      | Noticed Natasha
  1759 | D:2      | Killed Natasha
  2198 | D:2      | Reached skill level 5 in Armour
  2198 | D:2      | Reached skill level 5 in Shields
  2319 | D:3      | Reached skill level 5 in Fighting
  2488 | D:3      | Reached XP level 6. HP: 53/56 MP: 5/5
  2707 | D:3      | Found a bloodstained altar of Trog.
  2901 | D:4      | Found a snail-covered altar of Cheibriados.
  3054 | D:4      | Reached skill level 5 in Axes
  3054 | D:4      | Reached XP level 7. HP: 56/62 MP: 6/6
  3599 | D:4      | Found a runed translucent door.
  3600 | D:4      | Noticed Crazy Yiuf
  3611 | D:4      | Killed Crazy Yiuf
  3611 | D:4      | Reached skill level 1 in Slings
  3779 | D:5      | Entered Level 5 of the Dungeon
  3779 | D:5      | Noticed Pikel
  3802 | D:4      | Killed Pikel
  3802 | D:4      | Reached XP level 8. HP: 49/71 MP: 5/7
  4050 | D:5      | Noticed Sigmund
  4111 | D:6      | Killed Sigmund
  4281 | D:6      | Found a shattered altar of Ashenzari.
  4320 | D:6      | Found a staircase to the Ecumenical Temple.
  4929 | D:6      | Reached XP level 9. HP: 41/79 MP: 6/8
  5010 | D:7      | HP: 2/79 [ogre/+0 giant spiked club (11)]
  5010 | D:7      | Slain by a killer bee

Skill      XL: |  1  2  3  4  5  6  7  8 |
---------------+-------------------------+-----
Fighting       | 4 5 6 7 |  7.6
Axes           | 3 4 5 6 7 |  7.0
Armour         | 4 5 6 7 |  7.6
Shields        | 4 5 6 7 |  7.5
Slings         | 2 4 |  4.1

Action                   |  1- 3 |  4- 6 |  7- 9 || total
-------------------------+-------+-------+-------++-------
Melee: War axe           |    35 |   168 |   148 ||   351
       Headbutt          |     5 |    22 |    21 ||    48
 Fire: Hunting sling     |       |       |     6 ||     6
Evoke: Wand              |       |       |     5 ||     5
  Use: Potion            |     1 |     1 |     5 ||     7
       Scroll            |       |       |     3 ||     3
  Eat: Chunk             |       |     1 |       ||     1
       Ration            |       |     2 |     2 ||     4
Armor: Scale mail        |    23 |    50 |    47 ||   120
       Skin              |       |       |    17 ||    17
Dodge: Dodged            |    12 |    45 |    51 ||   108
Block: Shield            |    16 |    95 |    99 ||   210
